 Seeded DCSS version 0.29.1-15-g9cfb28693d (webtiles) character file.

Game seed: 365351903424199887 (custom seed)

88 IndexError the Shooter (level 4, -22/42 HPs)
             Began as a Gargoyle Hunter on Mar 5, 2023.
             Annihilated by an ogre
             ... wielding a +0 giant club
              (23 damage)
             ... on level 5 of the Dungeon.
             The game lasted 00:03:27 (1974 turns).

IndexError the Shooter (Gargoyle Hunter)            Turns: 1974, Time: 00:03:27

Health: -22/42     AC: 22    Str: 15    XL:     4   Next: 53%
Magic:  4/4        EV:  2    Int:  9    God:
Gold:   144        SH:  0    Dex: 15    Spells: 3/3 levels left

rFire   . . .      SeeInvis .   a - +0 shortbow
rCold   . . .      Faith    .   (shield currently unavailable)
rNeg    + . .      Spirit   .   (body armour currently unavailable)
rPois   ∞          Reflect  .   (helmet currently unavailable)
rElec   .          Harm     .   (cloak currently unavailable)
rCorr   .          Rampage  .   (gloves currently unavailable)
Will    .....      NoTele   +   (boots currently unavailable)
Stlth   ++........              (no amulet)
HPRegen 0.14/turn               (no ring)
MPRegen 0.09/turn               (no ring)

@: tree-form
A: stationary, stasis, torment immunity, boosted hp, sickness immunity, AC +3,
negative energy resistance 1, (electricity resistance), torment resistance 1,
petrification resistance
a: no special abilities


You were on level 5 of the Dungeon.
You were a tree.
You visited 1 branch of the dungeon, and saw 4 of its levels.

You collected 144 gold pieces.

Inventory:

Hand Weapons
 a - a +0 shortbow (weapon)
Armour
 c - a +0 leather armour (melded)
Scrolls
 b - a scroll of immolation {!r}
 d - a scroll of blinking {unknown}
 f - a scroll of enchant weapon {unknown}
 g - 3 scrolls of acquirement {unknown}
 i - a scroll of torment {unknown}
 j - a scroll of identify {unknown}
 l - 3 scrolls of teleportation {unknown}
 m - a scroll of magic mapping {unknown}
 n - a scroll of vulnerability {unknown}
Potions
 e - a potion of attraction {unknown}
 h - 2 potions of lignification {!q}
 k - 2 potions of heal wounds {unknown}
 o - a potion of mutation {unknown}
 p - a potion of haste {unknown}


   Skills:
 + Level 3.3 Fighting
 * Level 5.3 Ranged Weapons
 - Level 1.5 Dodging
 - Level 1.1 Stealth


You had 3 spell levels left.
You didn't know any spells.
Your spell library contained the following spells:

 Spells                   Type           Power      Damage    Failure   Level
 Magic Dart               Conj           0%         1d3       38%         1
 Call Imp                 Summ           0%         N/A       52%         2
 Mephitic Cloud           Conj/Pois/Air  0%         N/A       77%         3


Dungeon Overview and Level Annotations

Branches:
Dungeon (3/15)

Altars:
Nemelex Xobeh


Innate Abilities, Weirdness & Mutations

You are a tree.
Your roots penetrate the ground, keeping you stationary.
You cannot be teleported.
You are immune to unholy pain and torment.
Your maximum health is greatly increased.
Your equipment is partially melded.
You are immune to sickness and miasma.
((Your stone body is resilient. (AC +3)))
You are immune to poison.
You resist negative energy. (rN+)
((You are resistant to electric shocks. (rElec)))
You are resistant to unholy torment.
You are immune to petrification.


Message History

There is a stone staircase leading down here.
You now have 134 gold pieces (gained 15).
An endoplasm comes into view.
The endoplasm quivers.
An endoplasm is nearby!
You shoot an arrow. The arrow hits the endoplasm.
No target in view!
No target in view!
A sourceless malevolence fills the Dungeon...
You fall into a shaft and drop 2 floors!
The shaft crumbles and collapses.
You now have 144 gold pieces (gained 10).
h - 3 viscous clear potions (gained 2)
An adder comes into view.
The adder hisses angrily.
You shoot an arrow. The arrow closely misses the adder.
You shoot an arrow.
The arrow hits the adder but does no damage.
The adder bites you but does no damage.
You shoot an arrow. The arrow hits the adder.
The adder misses you. The adder bites you but does no damage.
You shoot an arrow. The arrow barely misses the adder.
The adder bites you but does no damage.
You shoot an arrow. The arrow closely misses the adder.
The adder bites you. The adder bites you but does no damage.
You take 1 damage, and have 27/28 hp.
You shoot an arrow. The arrow barely misses the adder.
The adder bites you.
You take 2 damage, and have 25/28 hp.
An adder is nearby!
You shoot an arrow.
The arrow hits the adder but does no damage.
The adder bites you but does no damage. The adder barely misses you.
You shoot an arrow. The arrow closely misses the adder.
The adder barely misses you. x2
You shoot an arrow. The arrow hits the adder!
The adder bites you.
You take 1 damage, and have 24/28 hp.
You shoot an arrow. The arrow closely misses the adder.
The adder completely misses you. The adder misses you.
You shoot an arrow. The arrow hits the adder!
No target in view!
No target in view!
HP restored.
You see here an adder corpse.
You open the door.
Found a sparkling altar of Nemelex Xobeh.
Health restored: 28
There is an open door here.
There is an open door here.
You open the door.
An ogre comes into view. It is wielding a +0 giant club.
You see here an adder corpse.
A white imp comes into view.
The white imp gestures at you. The puff of frost misses you.
The white imp gestures at you. The puff of frost hits you!
You take 9 damage, and have 19/28 hp.
MASSIVE DAMAGE!!
You aren't carrying any items that you can evoke.
It was a potion of lignification.
You turn into a tree.
Your +0 leather armour melds into your body.
Your roots penetrate the ground.
You now have 29/42 hp.
Fire: a) +0 shortbow
Press: ? - help, Q - select action Shift-Dir - straight line, f - ogre
Aim: an ogre, wielding a +0 giant club (76% to hit)
You shoot an arrow. The arrow hits the ogre.
The ogre barely misses you.
Fire: a) +0 shortbow
Press: ? - help, Q - select action Shift-Dir - straight line, f/p - ogre
Aim: an ogre, wielding a +0 giant club (lightly wounded, 76% to hit)
You shoot an arrow. The arrow hits the ogre.
The ogre hits you with a +0 giant club!
You take 8 damage, and have 21/42 hp.
Fire: a) +0 shortbow
Press: ? - help, Q - select action Shift-Dir - straight line, f/p - ogre
Aim: an ogre, wielding a +0 giant club (lightly wounded, 76% to hit)
You shoot an arrow. The arrow barely misses the ogre.
The arrow hits the white imp.
The ogre hits you but does no damage.
The white imp shouts, "Flee, thou yeasty saucy nert!"
Fire: a) +0 shortbow
Press: ? - help, Q - select action Shift-Dir - straight line, f/p - ogre
Aim: an ogre, wielding a +0 giant club (lightly wounded, 76% to hit)
You shoot an arrow. The arrow hits the ogre.
The ogre hits you with a +0 giant club!!
Ouch! That really hurt!
* * * LOW HITPOINT WARNING * * *
You take 21 damage, and have 1/42 hp.
MASSIVE DAMAGE!!
Fire: a) +0 shortbow
Press: ? - help, Q - select action Shift-Dir - straight line, f/p - ogre
Aim: an ogre, wielding a +0 giant club (lightly wounded, 76% to hit)
You shoot an arrow. The arrow hits the ogre.
There are monsters nearby!
Fire: a) +0 shortbow
Press: ? - help, Q - select action Shift-Dir - straight line, f/p - ogre
Aim: an ogre, wielding a +0 giant club (lightly wounded, 76% to hit)
You shoot an arrow. The arrow hits the ogre!
The ogre hits you with a +0 giant club!!
Ouch! That really hurt!
You die...

##....$....
##..........
##..##..#....
##..####..##
# ##..##
##..## ##.###
##..# ##5##
##.## ##O##
##.# #♣## #..
### ##. ## #


You could see an ogre and a white imp.

Vanquished Creatures
  4 adders
  A worm (D:2)
  A dart slug (D:1)
  4 ball pythons
  3 bats
  3 endoplasms
  3 giant cockroaches
  2 goblins
  6 hobgoblins (D:1)
  3 jackals (D:1)
  3 quokkas
  3 frilled lizards
  4 kobolds
  4 rats
44 creatures vanquished.

Notes
Turn   | Place    | Note
-------+----------+-------------------------------------------
     0 | D:1      | IndexError the Gargoyle Hunter began the quest for the Orb.
     0 | D:1      | Reached XP level 1. HP: 12/12 MP: 1/1
   184 | D:1      | Reached XP level 2. HP: 18/18 MP: 2/2
   573 | D:1      | Reached XP level 3. HP: 19/22 MP: 3/3
  1166 | D:2      | Reached skill level 3 in Fighting
  1186 | D:2      | Found a faded altar of an unknown god.
  1426 | D:2      | Reached skill level 5 in Ranged Weapons
  1674 | D:3      | Reached XP level 4. HP: 28/28 MP: 4/4
  1792 | D:3      | You fall into a shaft and drop 2 floors!
  1792 | D:5      | Entered Level 5 of the Dungeon
  1895 | D:5      | Found a sparkling altar of Nemelex Xobeh.
  1899 | D:5      | Noticed an ogre
  1972 | D:5      | HP: 1/42 [ogre/+0 giant club (21)]
  1974 | D:5      | Annihilated by an ogre

Illustrated notes

Levels and vault maps discovered:
D:1:      dpeg_arrival_boxorama, layout_basic
D:2:      layout_rooms, basic_ecumenical_altar, minmay_misc_feat_roman
D:3:      layout_basic, serial_co_window_serial, co_window_paths_a,
          co_window_corner_a, co_window_paths_a, co_window_of_opportunity_a,
          co_window_paths_a, co_window_corner_ca, co_window_of_opportunity_b,
          co_window_2corner, co_window_4corner_a, glass_columns_a,
          kennysheep_generic_room_16, uniq_ijyb, uniq_crazy_yiuf_cottage
D:5:      layout_cave_pods, gammafunk_temple_overflow_claw,
          nemelex_dance_club_becter, mainiacjoe_overflow_alcove_1, serial_shops,
          shop, nicolae_stop_n_shop_1

Skill      XL: |  1  2  3 |
---------------+----------+-----
Fighting       | 3 |  3.3
Ranged Weapons | 5 |  5.3
Dodging        | |  1.5
Stealth        | |  1.1

Action                   |  1- 3 |  4- 6 || total
-------------------------+-------+-------++-------
 Fire: Shortbow          |   113 |    23 ||   136
  Use: Potion            |       |     1 ||     1
Armor: Leather armour    |    18 |     5 ||    23
       Skin              |       |     1 ||     1
Dodge: Dodged            |    34 |     8 ||    42

Table legend: (Time is in decaauts)
 A = Elapsed time spent in this place.
 B = Non-inter-level travel time spent in this place.
 C = Inter-level travel time spent in this place.
 D = Time resting spent in this place.
 E = Time spent auto-exploring this place.
 F = Levels seen in this place.
 G = Mean time per level.
                   A        B        C        D        E       F      G
               +--------+--------+--------+--------+--------+-----+--------+
         Total |   2015 |   1844 |    171 |      0 |   1510 |   4 |  503.8 |
       Dungeon |   2015 |   1844 |    171 |      0 |   1510 |   4 |  503.8 |
               +--------+--------+--------+--------+--------+-----+--------+

Top non-repeatable levels by time:
     D:1: 1233 daAuts
     D:2: 456 daAuts
     D:5: 185 daAuts
     D:3: 140 daAuts

Table legend:
 A = Kills in this place as a percentage of kills in entire the game.
 B = Kills by you in this place as a percentage of kills by you in the entire game.
 C = Kills by friends in this place as a percentage of kills by friends in the entire game.
 D = Other kills in this place as a percentage of other kills in the entire game.
 E = Experience gained in this place as a percentage of experience gained in the entire game.
 F = Experience gained in this place divided by the number of levels of this place that you have seen.
                   A       B       C       D       E      F
               +-------+-------+-------+-------+-------+----------------------
         Total | 100.0 | 100.0 |   N/A |   N/A | 100.0 |  31.5
       Dungeon | 100.0 | 100.0 |   N/A |   N/A | 100.0 |  31.5
               +-------+-------+-------+-------+-------+----------------------
